 Dungeon Crawl Stone Soup version 0.30-a0-777-ga9a30cbeda (webtiles) character file.

Game seed: 6230266891949347179

321 qeuew the Chopper (level 6, -3/53 HPs)
             Began as a Hill Orc Fighter on Feb 14, 2023.
             Slain by an ogre
             ... wielding a +0 giant club
              (14 damage)
             ... on level 4 of the Dungeon.
             The game lasted 00:03:48 (2127 turns).

qeuew the Chopper (Hill Orc Fighter)                Turns: 2127, Time: 00:03:48

Health: -3/53      AC:  7    Str: 19    XL:     6   Next: 46%
Magic:  6/6        EV:  9    Int:  8    God:
Gold:   147        SH:  5    Dex: 12    Spells: 5/5 levels left

rFire   . . .      SeeInvis .    a - +1 war axe
rCold   . . .      Faith    .    c - +0 buckler
rNeg    . . .      Spirit   .    b - +0 scale mail
rPois   .          Reflect  .    (no helmet)
rElec   .          Harm     .    (no cloak)
rCorr   .          Rampage  .    (no gloves)
Will    .....                    (no boots) Stlth
                                 f - amulet of regeneration
HPRegen 1.08/turn                (no ring)
MPRegen 0.10/turn                (no ring)

@: mighty
A: no striking features
a: no special abilities


You were on level 4 of the Dungeon.
You visited 1 branch of the dungeon, and saw 5 of its levels.

You collected 147 gold pieces.

Inventory:

Hand Weapons
 a - a +1 war axe (weapon)
Armour
 b - a +0 scale mail (worn)
 c - a +0 buckler (worn)
Jewellery
 f - an amulet of regeneration (around neck)
Wands
 e - a wand of quicksilver (7)
Scrolls
 i - a scroll of blinking {unknown}
 j - a scroll of magic mapping {unknown}
 k - a scroll of enchant armour {unknown}
Potions
 d - a potion of might
 g - a potion of brilliance
 h - 3 potions of haste


   Skills:
 + Level 4.6 Fighting
 * Level 5.1 Axes
 * Level 4.8 Armour
 + Level 1.6 Dodging
 + Level 4.0 Shields
 + Level 1.1 Evocations


You had 5 spell levels left.
You didn't know any spells.
Your spell library contained the following spells:

 Spells                   Type           Power      Damage    Failure   Level
 Call Canine Familiar     Summ           0%         N/A       99%         3
 Ozocubu's Armour         Ice            0%         N/A       99%         3
 Portal Projectile        Hex/Tloc       0%         N/A       99%         3
 Leda's Liquefaction      Hex/Erth       0%         N/A       100%        4
 Olgreb's Toxic Radiance  Pois           0%         N/A       100%        4
 Ozocubu's Refrigeration  Ice            0%         4d7       100%        7
 Ignition                 Fire           0%         3d3       100%        8


Dungeon Overview and Level Annotations

Branches:
Dungeon (5/15)
 Temple: D:4-7

Altars:
Gozag
Hepliaklqana


Message History

No target in view!
No target in view!
No target in view!
No target in view!
Things that are here:
a +0 flail; a +0 leather armour; an orc corpse An ogre comes into view.
It is wielding a +0 giant club.
An ogre is nearby!
An ogre is nearby!
Found a hazy altar of Hepliaklqana and an opulent altar of Gozag.
The ogre hits you with a +0 giant club!!
Ouch! That really hurt!
You are too injured to fight recklessly!
You are too injured to fight recklessly!
You are too injured to fight recklessly!
You are too injured to fight recklessly!
You are too injured to fight recklessly!
You are too injured to fight recklessly!
You are too injured to fight recklessly!
You are too injured to fight recklessly!
You are too injured to fight recklessly!
You are too injured to fight recklessly!
You are too injured to fight recklessly!
You are too injured to fight recklessly!
You are too injured to fight recklessly!
You feel very mighty all of a sudden. The ogre barely misses you.
You hit the ogre.
The ogre is moderately wounded.
You barely miss the ogre.
The ogre is moderately wounded.
The ogre hits you with a +0 giant club!
* * * LOW HITPOINT WARNING * * *
You barely miss the ogre.
The ogre is moderately wounded.
The ogre hits you but does no damage.
You hit the ogre.
The ogre is moderately wounded.
The ogre hits you with a +0 giant club!
You die...

......# ......# ##
......# #..
......####...
.........#._.#
.....)...#....#####
.........#.._.....#
.........##...8O..#
.####....# #....@.#
## #....########.#
#.............#
###############


You could see an ogre.

Vanquished Creatures
  Menkaure (D:4)
  A scorpion (D:5)
  Jessica (D:2)
  3 gnolls (D:2)
  2 adders
  A dart slug (D:1)
  An orc (D:4)
  10 bats
  4 endoplasms
  3 giant cockroaches
  4 goblins
  3 hobgoblins
  11 jackals
  A quokka (D:2)
  9 ball pythons
  10 frilled lizards
  3 kobolds
  4 rats
72 creatures vanquished.

Vanquished Creatures (others)
  7 plants (D:1)
7 creatures vanquished.

Grand Total: 79 creatures vanquished

Notes
Turn   | Place    | Note
-------+----------+-------------------------------------------
     0 | D:1      | qeuew the Hill Orc Fighter began the quest for the Orb.
     0 | D:1      | Reached XP level 1. HP: 19/19 MP: 1/1
    52 | D:1      | Reached skill level 3 in Axes
    58 | D:1      | Reached XP level 2. HP: 26/27 MP: 2/2
   390 | D:1      | Found a faded altar of an unknown god.
   436 | D:1      | Reached XP level 3. HP: 33/33 MP: 3/3
   965 | D:2      | Identified the +0 chain mail of Ceismyan {Rampage rPois
                  | Dex+2}
  1056 | D:2      | Noticed Jessica
  1058 | D:2      | Killed Jessica
  1059 | D:2      | Reached skill level 1 in Dodging
  1059 | D:2      | Reached XP level 4. HP: 40/40 MP: 4/4
  1181 | D:2      | Reached skill level 4 in Axes
  1571 | D:2      | Reached XP level 5. HP: 46/46 MP: 5/5
  1791 | D:3      | Identified the +1 leather armour of the Tundras {-Tele
                  | Will+ rCorr Int+3}
  1797 | D:3      | You fall into a shaft and drop 2 floors!
  1797 | D:5      | Entered Level 5 of the Dungeon
  1921 | D:4      | Identified the +3 whip of the Asp {flame, *Corrode rC++
                  | Will+}
  1985 | D:4      | Noticed Menkaure
  1991 | D:4      | Killed Menkaure
  1992 | D:4      | Reached skill level 5 in Axes
  1992 | D:4      | Reached skill level 1 in Evocations
  1992 | D:4      | Reached XP level 6. HP: 24/53 MP: 6/6
  2121 | D:4      | Found a hazy altar of Hepliaklqana.
  2121 | D:4      | Found an opulent altar of Gozag.
  2127 | D:4      | Slain by an ogre

Illustrated notes

Levels and vault maps discovered:
D:1:      dpeg_arrival_stonehenge_12_columns, layout_basic,
          shapermc_ecumenical_altar_pompeii, serial_rivers,
          chequers_serial_rivers_room_b, chequers_serial_rivers_small_b,
          chequers_serial_rivers_large_b, chequers_serial_rivers_marsh,
          minmay_lizard_king
D:2:      wad_crossroads, layout_basic, uniq_jessica
D:3:      cheibrodos_fertilizer, layout_basic, serial_shops, nicolae_shop_trees
D:4:      layout_basic, nicolae_overflow_hallway_of_the_gods, corexii_shack,
          fountainhead, uniq_grinder, uniq_menkaure
D:5:      layout_rooms, evilmike_ruin_ashenzari, chequers_mini_garden,
          kennysheep_generic_room_16

Skill      XL: |  1  2  3  4  5 |
---------------+----------------+-----
Axes           | 3 4 5 |  5.1
Fighting       | 4 |  4.6
Dodging        | 1 |  1.6
Armour         | 4 |  4.8
Shields        | 4 |  4.0
Evocations     | 1 |  1.1

Action                     |  1- 3 |  4- 6 || total
---------------------------+-------+-------++-------
  Melee: War axe           |   101 |   105 ||   206
    Use: Potion            |     2 |     2 ||     4
         Scroll            |     1 |     5 ||     6
 Armour: Scale mail        |    64 |    51 ||   115
  Dodge: Dodged            |    58 |    64 ||   122
  Block: Buckler           |    35 |    40 ||    75

Table legend: (Time is in decaauts)
 A = Elapsed time spent in this place.
 B = Non-inter-level travel time spent in this place.
 C = Inter-level travel time spent in this place.
 D = Time resting spent in this place.
 E = Time spent auto-exploring this place.
 F = Levels seen in this place.
 G = Mean time per level.
                   A        B        C        D        E       F      G
               +--------+--------+--------+--------+--------+-----+--------+
         Total |   2233 |   2152 |     81 |     18 |   1611 |   5 |  446.6 |
       Dungeon |   2233 |   2152 |     81 |     18 |   1611 |   5 |  446.6 |
               +--------+--------+--------+--------+--------+-----+--------+

Top non-repeatable levels by time:
     D:1: 999 daAuts
     D:2: 815 daAuts
     D:4: 322 daAuts
     D:3: 79 daAuts
     D:5: 16 daAuts
